 Dungeon Crawl Stone Soup version 0.30-a0-509-gd016549fea (webtiles) character file.

Game seed: 9935799306169754115

31460 IdlyInterested the Carver (level 13, -4/98 HPs)
             Began as a Demonspawn Gladiator on Dec 22, 2022.
             Was a High Priest of Okawaru.
             Killed from afar by Roxanne (16 damage)
             ... with a bolt of magma
             ... on level 15 of the Dungeon.
             The game lasted 01:01:08 (14751 turns).

IdlyInterested the Carver (Demonspawn Gladiator)   Turns: 14751, Time: 01:01:09

Health: -4/98      AC: 29    Str: 17    XL:     13   Next: 26%
Magic:  0/30       EV: 16    Int: 10    God:    Okawaru [*****.]
Gold:   174        SH: 16    Dex: 17    Spells: 12/12 levels left

rFire   . . .      SeeInvis +    T - +3 scimitar (vorpal)
rCold   + + .      Faith    .    x - +5 kite shield "Qinatziushe" {rElec rPois rN++ SInv}
rNeg    + + .      Spirit   +    s - +7 Kryia's mail coat {PotionHeal*2 rC+}
rPois   +          Reflect  .    o - +1 helmet
rElec   +          Harm     .    (cloak unavailable)
rCorr   .          Rampage  .    H - +1 pair of gloves
Will    .....                    M - +0 pair of boots
Stlth   +.........               l - amulet of regeneration
HPRegen 1.16/turn                n - ring of protection from cold
MPRegen 0.44/turn                F - ring of magical power

@: mighty, agile, sanguine armoured
A: powered by pain 3, magic shield, magic regeneration, sanguine armour 2,
weakness stinger 3, mutation resistance 1, wild magic 1
a: Renounce Religion, Heroism, Finesse, Duel


You were on level 15 of the Dungeon.
You worshipped Okawaru.
Okawaru was extremely pleased with you.
You visited 3 branches of the dungeon, and saw 17 of its levels.

You collected 985 gold pieces.
You spent 811 gold pieces at shops.

Inventory:

Hand Weapons
 b - a +4 dagger
 p - a +0 scimitar
 J - a +0 scimitar
 T - a +3 vorpal scimitar (weapon)
Missiles
 d - 4 throwing nets
 e - a javelin
 g - 161 stones (quivered)
 i - 10 boomerangs
 q - 10 atropa-tipped darts
 B - 52 poisoned darts
 S - a curare-tipped dart
Armour
 o - a +1 helmet (worn)
 s - the +7 Kryia's mail coat (worn) {PotionHeal*2 rC+}
   (Okawaru gifted it to you on level 11 of the Dungeon)

   Potions are twice as effective at healing its wearer.
   rC:        It protects you from cold.
 x - the +5 kite shield "Qinatziushe" (worn) {rElec rPois rN++ SInv}
   (You bought it in a shop on level 9 of the Dungeon)

   rElec:     It insulates you from electricity.
   rPois:     It protects you from poison.
   rN:        It greatly protects you from negative energy.
   SInv:      It lets you see invisible.
 H - a +1 pair of gloves (worn)
 M - a +0 pair of boots (worn)
 O - +0 acid dragon scales
 Q - the +1 buckler of Recklessness {rPois rC+ Regen+ Str-3}
   (Okawaru gifted it to you on level 13 of the Dungeon)

   Str:       It affects your strength (-3).
   rC:        It protects you from cold.
   rPois:     It protects you from poison.
   Regen:     It increases your rate of health regeneration.
 U - a +2 robe of resistance
Jewellery
 l - an amulet of regeneration (around neck)
 n - a ring of protection from cold (left hand)
 v - an amulet of magic regeneration
 F - a ring of magical power (right hand)
 V - a ring of see invisible
Wands
 y - a wand of light (6)
 E - a wand of polymorph (4)
 L - a wand of mindburst (3)
 R - a wand of digging (4)
Scrolls
 k - a scroll of enchant armour
 m - 2 scrolls of magic mapping
 r - a scroll of enchant weapon
 u - 2 scrolls of identify
 w - 4 scrolls of fear
 z - 4 scrolls of teleportation
 C - a scroll of fog
 D - a scroll of blinking
 I - 2 scrolls of amnesia
 K - 3 scrolls of poison
 N - 2 scrolls of vulnerability
 Y - 2 scrolls of immolation
Potions
 a - 3 potions of brilliance
 c - 5 potions of mutation
 f - 7 potions of curing
 h - a potion of invisibility
 j - 2 potions of flight
 t - 4 potions of cancellation
 A - a potion of haste
 G - 5 potions of attraction
 P - a potion of magic
 W - a potion of resistance


   Skills:
 - Level 8.0 Fighting
 - Level 14.0 Long Blades
 - Level 2.0 Throwing
 - Level 6.0 Armour
 * Level 5.8 Dodging
 - Level 2.0 Stealth
 - Level 8.0 Shields
 * Level 11.8 Invocations
 - Level 2.0 Evocations


You had 12 spell levels left.
You didn't know any spells.
Your spell library contained the following spells:

 Spells                   Type           Power      Damage    Failure   Level
 Freeze                   Ice            0%         1d3       98%         1
 Kiss of Death            Conj/Necr      0%         2d5       98%         1
 Cigotuvi's Dreadful Rot  Necr/Pois/Air  0%         N/A       99%         2
 Poisonous Vapours        Pois/Air       0%         N/A       99%         2
 Confusing Touch          Hex            0%         N/A       100%        3
 Frozen Ramparts          Ice            0%         1d1       100%        3
 Hailstorm                Conj/Ice       0%         3d3       100%        3
 Kindle Blastsparks       Fire/Tloc/Air  0%         2d10      100%        3
 Mephitic Cloud           Conj/Pois/Air  0%         N/A       100%        3
 Ozocubu's Armour         Ice            0%         N/A       100%        3
 Anguish                  Hex/Necr       0%         N/A       100%        4
 Dispel Undead            Necr           0%         3d6       100%        4
 Fulminant Prism          Conj/Hex       0%         3d5       100%        4
 Ice Form                 Ice/Tmut       0%         N/A       100%        4
 Iskenderun's Mystic Bla  Conj/Tloc      0%         2d3       100%        4
 Fireball                 Conj/Fire      0%         3d3       100%        5
 Iskenderun's Battlesphe  Conj           0%         2d6       100%        5
 Lee's Rapid Deconstruct  Erth           0%         3d4*      100%        5
 Metabolic Englaciation   Hex/Ice        0%         N/A       100%        5
 Conjure Ball Lightning   Conj/Air       0%         3x3d6     100%        6
 Enfeeble                 Hex            0%         N/A       100%        7
 Orb of Destruction       Conj           0%         9d5       100%        7
 Simulacrum               Ice/Necr       Unusable   N/A       N/A         6

Dungeon Overview and Level Annotations

Branches:
Dungeon (15/15)            Temple (1/1) D:5            Lair (1/5) D:11
    Orc (0/2) D:11         Vaults (0/5) D:13
 Depths: D:15

Altars:
Ashenzari
Cheibriados
Dithmenos
Fedhas
Gozag
Hepliaklqana
Kikubaaqudgha
Makhleb
Nemelex Xobeh
Okawaru
Qazlal
Ru
Sif Muna
Trog
Uskayaw
Vehumet
Wu Jian
Xom
Yredelemnul

Shops:
D:9 [

Annotations:
D:15 Roxanne


Innate Abilities, Weirdness & Mutations

You are powered by pain.
When hurt, damage is shared between your health and your magic reserves.
You regenerate magic rapidly.
When seriously injured, your blood forms thick armour. (AC +9)
You have a sharp stinger which inflicts weakening toxins.
You are somewhat resistant to further mutation.
Your spells are a little harder to cast, but a little more powerful.


Message History

Roxanne mumbles some strange words.
You block the iron shot.
You hit Roxanne but do no damage.
Roxanne mumbles some strange words.
You blink.
Roxanne sighs and says, "It wouldn't be so bad were it not for the bird droppings."
Roxanne casts a spell.
You blink.
Roxanne mumbles some strange words.
You blink.
Roxanne says, "At least I didn't end up somewhere with nobody to talk to."
Roxanne casts a spell.
The bolt of magma hits you!!!
You focus on the pain.
You feel agile all of a sudden.
You hit Roxanne.
You tail-slap Roxanne, but do no damage.
Roxanne is lightly damaged.
You hit Roxanne but do no damage. You tail-slap Roxanne!
Roxanne is lightly damaged.
Roxanne casts a spell.
The iron shot hits you!!
You focus on the pain.
You feel very mighty all of a sudden.
Your blood congeals into armour.
You slice Roxanne!!
Roxanne is moderately damaged.
You slash Roxanne!
Roxanne is moderately damaged.
You hit Roxanne but do no damage.
Roxanne is moderately damaged.
Roxanne mumbles some strange words.
You blink.
You see here 13 gold pieces.
Roxanne casts a spell.
The bolt of magma hits you!!!
* * * LOW HITPOINT WARNING * * *
You slice Roxanne!!
Roxanne is heavily damaged.
Roxanne casts a spell.
The bolt of magma hits you!!
You die...

##.#..#.[###........
#....## #......#
##...# #...... ##.##
..#.# ## #...# #.#
#.### ##$..# #.@8.#
###....# #....### #.
#....# #.# #....#
#.# ##....# #.#
#....## #.# ##..##
#.# ##<.##
#.########


You could see Roxanne.

Vanquished Creatures
  Louise (D:14)
  A hydra (D:13)
  A vault guard (D:13)
  An ogre mage (D:11)
  A boulder beetle (D:11)
  3 centaur warriors (D:13)
  The ghost of Darkkill the Fighter, a novice MiHu of Gozag (D:9)
  2 two-headed ogres
  A tengu warrior (D:14)
  The ghost of Coaxmetal the Thaumaturge, a novice DEHW of Gozag (D:13)
  2 flayed ghosts (D:13)
  3 deep elf pyromancers
  7 cyclopes
  4 manticores
  2 black mambas (shapeshifter)
  A cane toad (Lair:1)
  A kobold demonologist (D:11)
  A komodo dragon (D:12)
  A rime drake (D:11)
  Psyche (D:10)
  2 freezing wraiths (D:13)
  4 trolls
  A polar bear (D:11)
  15 slime creatures
  2 shadows
  A vampire (D:12)
  5 wraiths
  3 yaks (D:8)
  4 wyverns
  A basilisk (D:14)
  10 vampire mosquitoes
  2 acid dragons
  A water moccasin (D:8)
  6 black bears
  7 ice beasts
  2 sky beasts
  6 orc warriors
  2 ogres
  12 centaurs
  2 wolves (D:11)
  2 phantoms (D:11)
  6 kobold brigands
  4 bullfrogs
  4 scorpions
  3 troll zombies (D:11)
  2 vampire bats (D:4)
  9 howler monkeys
  3 hounds
  2 jellies
  7 orc priests
  A gnoll bouda (D:7)
  Jessica (D:2)
  Ijyb (D:3)
  5 iguanas
  13 orc wizards
  Terence (D:3)
  5 ogre zombies (D:11)
  9 gnolls
  8 adders
  3 white imps
  A worm (D:4)
  2 dart slugs
  36 orcs
  14 bats
  7 endoplasms
  2 giant cockroaches
  9 goblins
  7 hobgoblins
  8 jackals
  3 quokkas
  8 ball pythons
  5 frilled lizards
  A goblin skeleton (D:11)
  2 goblin zombies (D:11)
  3 hobgoblin skeletons (D:11)
  4 hobgoblin zombies (D:11)
  30 kobolds
  4 orc skeletons (D:11)
  11 orc zombies (D:11)
  3 rats
373 creatures vanquished.

Vanquished Creatures (others)
  An ogre (D:4)
1 creature vanquished.

Grand Total: 374 creatures vanquished

Notes
Turn   | Place    | Note
-------+----------+-------------------------------------------
     0 | D:1      | IdlyInterested the Demonspawn Gladiator began the quest for
                  | the Orb.
     0 | D:1      | Reached XP level 1. HP: 16/16 MP: 1/1
   131 | D:1      | Reached skill level 3 in Long Blades
   137 | D:1      | Gained mutation: You sometimes gain a little power by
                  | taking damage. [demonic ancestry]
   137 | D:1      | Reached XP level 2. HP: 21/22 MP: 2/2
   587 | D:1      | Gained mutation: You regenerate magic rapidly. [demonic
                  | ancestry]
   587 | D:1      | Reached XP level 3. HP: 28/28 MP: 3/3
  1155 | D:2      | Noticed a black bear
  1155 | D:2      | You fall into a shaft and drop 2 floors!
  1209 | D:3      | Reached skill level 4 in Long Blades
  1214 | D:3      | Reached XP level 4. HP: 19/34 MP: 4/4
  1229 | D:3      | Noticed a centaur
  1256 | D:3      | Killed a centaur
  1257 | D:3      | Gained mutation: When seriously injured, your blood forms
                  | armour. (AC +9) [demonic ancestry]
  1257 | D:3      | Reached XP level 5. HP: 23/41 MP: 5/5
  1442 | D:2      | Killed a black bear
  1443 | D:2      | Reached skill level 5 in Long Blades
  1443 | D:2      | Reached skill level 1 in Armour
  1443 | D:2      | Gained mutation: You sometimes gain power by taking damage.
                  | [demonic ancestry]
  1443 | D:2      | Reached XP level 6. HP: 21/47 MP: 6/6
  1601 | D:2      | Noticed Jessica
  1620 | D:2      | Killed Jessica
  1845 | D:3      | Noticed Terence
  1882 | D:3      | Killed Terence
  2176 | D:3      | Noticed Ijyb
  2236 | D:3      | Killed Ijyb
  2656 | D:4      | Reached skill level 6 in Long Blades
  2656 | D:4      | Gained mutation: When hurt, damage is shared between your
                  | health and your magic reserves. [demonic ancestry]
  2656 | D:4      | Reached XP level 7. HP: 52/52 MP: 7/7
  2685 | D:4      | Reached skill level 1 in Stealth
  2850 | D:4      | Identified the +1 robe of Hangman {+Inv Str+2 Dex+4}
  3376 | D:5      | Entered Level 5 of the Dungeon
  3720 | D:5      | Reached skill level 7 in Long Blades
  4005 | D:5      | Reached skill level 1 in Evocations
  4079 | D:5      | Gained mutation: When seriously injured, your blood forms
                  | thick armour. (AC +9) [demonic ancestry]
  4079 | D:5      | Reached XP level 8. HP: 34/58 MP: 5/8
  4117 | D:5      | Found a staircase to the Ecumenical Temple.
  4141 | Temple   | Entered the Ecumenical Temple
  4194 | Temple   | Became a worshipper of Warmaster Okawaru
  4650 | D:6      | Reached skill level 8 in Long Blades
  4782 | D:6      | Reached skill level 1 in Invocations
  4885 | D:6      | Noticed a cyclops
  4905 | D:6      | Killed a cyclops
  4905 | D:6      | Reached * piety under Okawaru
  4906 | D:6      | Reached skill level 9 in Long Blades
  4989 | D:6      | Gained mutation: You have a small tail. [demonic ancestry]
  4989 | D:6      | Reached XP level 9. HP: 57/63 MP: 8/11
  5214 | D:6      | Reached skill level 10 in Long Blades
  5391 | D:6      | Reached ** piety under Okawaru
  6528 | D:7      | Reached skill level 11 in Long Blades
  6528 | D:7      | Reached skill level 5 in Invocations
  6723 | D:7      | Gained mutation: You are somewhat resistant to further
                  | mutation. [potion of mutation]
  6723 | D:7      | Gained mutation: Your spells are a little harder to cast,
                  | but a little more powerful. [potion of mutation]
  6945 | D:8      | Reached *** piety under Okawaru
  6957 | D:8      | Gained mutation: You have a tail ending in a sharp stinger.
                  | [demonic ancestry]
  6957 | D:8      | Reached XP level 10. HP: 48/70 MP: 4/14
  7239 | D:8      | Reached skill level 12 in Long Blades
  7465 | D:9      | Noticed a manticore
  7482 | D:9      | Killed a manticore
  7707 | D:9      | Reached **** piety under Okawaru
  7783 | D:9      | Found a runed translucent door.
  7783 | D:9      | Noticed Darkkill's ghost (novice MiHu)
  7868 | D:9      | Found Rutysuva's Armour Shop.
  8056 | D:9      | Found a radiant altar of Vehumet.
  8058 | D:9      | Found a sacrificial altar of Ru.
  8059 | D:9      | Found an opulent altar of Gozag.
  8060 | D:9      | Found a sparkling altar of Nemelex Xobeh.
  8061 | D:9      | Found an ornate altar of the Wu Jian Council.
  8433 | D:9      | Killed Darkkill's ghost
  8434 | D:9      | Reached skill level 13 in Long Blades
  8512 | D:10     | Entered Level 10 of the Dungeon
  8696 | D:10     | Identified the +3 leather armour of Lugonu's Pride {-Cast
                  | +Inv Str-5 Dex+5}
  8726 | D:10     | Noticed Psyche
  8729 | D:10     | Killed Psyche
  8729 | D:10     | Reached ***** piety under Okawaru
  9136 | D:10     | Gained mutation: You have a sharp stinger which inflicts
                  | weakening toxins. [demonic ancestry]
  9136 | D:10     | Reached XP level 11. HP: 75/75 MP: 15/17
  9897 | D:11     | Reached skill level 14 in Long Blades
  9902 | D:11     | Reached skill level 1 in Shields
 10151 | D:11     | Found a staircase to the Orcish Mines.
 10169 | D:11     | Received a gift from Okawaru
 10169 | D:11     | Found the +7 Kryia's mail coat {PotionHeal*2 rC+}
 10432 | D:11     | Found a staircase to the Lair.
 10463 | D:11     | Noticed a boulder beetle
 10521 | D:11     | Killed a boulder beetle
 10522 | D:11     | Reached skill level 5 in Shields
 10747 | D:11     | Noticed an ogre mage
 10755 | D:11     | Killed an ogre mage
 10932 | D:11     | Noticed a two-headed ogre
 10940 | D:11     | Killed a two-headed ogre
 11526 | D:12     | Reached XP level 12. HP: 83/83 MP: 18/18
 11587 | D:12     | Noticed a two-headed ogre
 11603 | D:12     | Killed a two-headed ogre
 11830 | D:12     | Found a hide-covered altar of Uskayaw.
 12196 | D:13     | Reached skill level 5 in Fighting
 12296 | D:13     | Noticed a centaur warrior
 12307 | D:13     | Killed a centaur warrior
 12307 | D:13     | Received a gift from Okawaru
 12325 | D:13     | Noticed a centaur warrior
 12338 | D:13     | Killed a centaur warrior
 12584 | D:13     | Found a runed translucent gate.
 12584 | D:13     | Found a runed translucent gate.
 12584 | D:13     | Found a runed translucent gate.
 12733 | D:13     | Noticed Coaxmetal's ghost (novice DEHW)
 12771 | D:13     | Noticed a four-headed hydra
 12792 | D:13     | Killed a four-headed hydra
 12793 | D:13     | Reached skill level 5 in Armour
 12902 | D:13     | Noticed a vault guard
 12917 | D:13     | Killed a vault guard
 13010 | D:13     | Found a gate to the Vaults.
 13087 | D:13     | Noticed a centaur warrior
 13098 | D:13     | Killed a centaur warrior
 13098 | D:13     | Reached ****** piety under Okawaru
 13110 | D:13     | Identified the +1 buckler of Recklessness {rPois rC+ Regen+
                  | Str-3} (Okawaru gifted it to you on level 13 of the
                  | Dungeon)
 13110 | D:13     | Received a gift from Okawaru
 13255 | D:13     | Reached skill level 5 in Dodging
 13263 | D:13     | Reached skill level 10 in Invocations
 13275 | D:13     | Killed Coaxmetal's ghost
 13406 | D:9      | Bought the +5 kite shield "Qinatziushe" {rElec rPois rN++
                  | SInv} for 811 gold pieces
 13517 | Lair:1   | Entered Level 1 of the Lair of Beasts
 13747 | D:14     | Noticed a tengu warrior
 13782 | D:14     | Killed a tengu warrior
 13816 | D:14     | Gained mutation: You are powered by pain. [demonic
                  | ancestry]
 13816 | D:14     | Reached XP level 13. HP: 98/98 MP: 21/21
 13859 | D:14     | Noticed Louise
 13892 | D:14     | Killed Louise
 14544 | D:15     | Entered Level 15 of the Dungeon
 14731 | D:15     | Noticed Roxanne
 14751 | D:15     | Killed from afar by Roxanne

Illustrated notes

Levels and vault maps discovered:
D:1:      lemuel_arrival_behind_the_door_large, layout_loops_cross, minivault_5,
          nicolae_kite_square_tiling_tiny
D:2:      layout_basic, minmay_liquid_box, uniq_jessica
D:3:      layout_loops_ring, uniq_terence, uniq_ijyb
D:4:      layout_basic, roderic_batcave
D:5:      layout_loops_cross, minmay_temple_entry_antechambers
D:6:      minmay_opposing_rooms, layout_basic, st_stairs_1,
          roderic_serpentine_path
D:7:      layout_loops_ring, serial_aquarium, aquarium_bridge_square
          [aquarium_subvault_bridge, aquarium_subvault_window,
          aquarium_subvault_bridge, aquarium_subvault_wall], aquarium_window_3,
          aquarium_window_fake, aquarium_window_1, aquarium_view_2a,
          aquarium_view_2f, aquarium_balcony_5b, item_on_display_a
D:8:      layout_cave_pools, amcnicky_mini_pool_small
D:9:      layout_gridville, minitemple, serial_shops,
          nicolae_shop_advertising_works [nicolae_subvault_shop_adworks],
          hellmonk_ghost_happy_afterlife, kennysheep_generic_room_8
D:10:     layout_cave_pods, uniq_psyche
D:11:     layout_irregular_city, hellmonk_lair_entry_icy, zombieorc2_lemuel,
          minivault_20, grunt_ministairs_6
D:12:     layout_small_grid, chequers_jeans, nicolae_uskayaw_suspiria
D:13:     layout_long_grid, david_vaults_5, gammafunk_ghost_spectres,
          grunt_ministairs_15, hangedman_abyss_or_decor_stabs
D:14:     layout_loops_cross, dk_noncrumbling_2, hangedman_decor_peaks_small,
          uniq_louise
D:15:     grunt_enter_depths_hoard, layout_rooms, minmay_misc_feat_square,
          gammafunk_ghost_icy, minmay_fountain_box, grunt_ministairs_4,
          uniq_roxanne
Temple:   hellmonk_temple_of_storms
Lair:1:   wander_river, layout_long_grid

Skill      XL: |  1  2  3  4  5  6  7  8  9 10 11 12 13 |
---------------+----------------------------------------+-----
Long Blades    | 3 4 5 6 7 9 11 13 14 | 14.0
Fighting       | 3 4 8 |  8.0
Dodging        | 3 4 5 |  5.8
Armour         | 1 3 4 5 6 |  6.0
Throwing       | 2 |  2.0
Stealth        | 2 |  2.0
Evocations     | 1 2 |  2.0
Invocations    | 3 5 8 11 | 11.8
Shields        | 7 8 |  8.0

Action                   |  1- 3 |  4- 6 |  7- 9 | 10-12 | 13-15 || total
-------------------------+-------+-------+-------+-------+-------++-------
Melee: Long sword        |   103 |    32 |   497 |    27 |       ||   659
       Dagger            |    38 |   168 |       |    19 |       ||   225
       Punch             |       |     2 |     1 |       |       ||     3
       Tailslap          |       |       |    38 |   201 |    28 ||   267
       Scimitar          |       |       |       |  1035 |   112 ||  1147
Throw: Javelin           |     1 |       |       |       |       ||     1
       Stone             |       |     5 |    10 |    13 |       ||    28
Invok: Heroism           |       |       |     1 |     7 |       ||     8
       Finesse           |       |       |       |       |     1 ||     1
Evoke: Wand              |       |       |       |     7 |       ||     7
  Use: Scroll            |     2 |     5 |     8 |     8 |     1 ||    24
       Potion            |       |     2 |     4 |     6 |     1 ||    13
 Stab: Distracted        |       |     1 |     1 |       |       ||     2
       Sleeping          |       |       |     4 |       |       ||     4
Armor: Ring mail         |    90 |    48 |       |       |       ||   138
       Chain mail        |       |    25 |       |       |       ||    25
       Leather armour    |       |    18 |   116 |       |       ||   134
       Plate armour      |       |       |   135 |   450 |       ||   585
       Scale mail        |       |       |       |   368 |    29 ||   397
Dodge: Dodged            |   106 |   112 |   200 |   400 |    13 ||   831
Block: Kite shield       |       |       |   141 |   624 |    48 ||   813
       Buckler           |       |       |       |     3 |       ||     3

Table legend: (Time is in decaauts)
 A = Elapsed time spent in this place.
 B = Non-inter-level travel time spent in this place.
 C = Inter-level travel time spent in this place.
 D = Time resting spent in this place.
 E = Time spent auto-exploring this place.
 F = Levels seen in this place.
 G = Mean time per level.
                   A        B        C        D        E       F      G
               +--------+--------+--------+--------+--------+-----+--------+
         Total |  14680 |  12487 |   2193 |    698 |   7528 |  17 |  863.5 |
       Dungeon |  14600 |  12425 |   2175 |    698 |   7506 |  15 |  973.3 |
        Temple |     71 |     54 |     17 |      0 |     22 |   1 |   71.0 |
          Lair |      8 |      8 |      0 |      0 |      0 |   1 |    8.0 |
               +--------+--------+--------+--------+--------+-----+--------+

Top non-repeatable levels by time:
     D:6: 1406 daAuts
    D:11: 1237 daAuts
    D:13: 1186 daAuts
    D:12: 1158 daAuts
     D:5: 1124 daAuts
     D:7: 1041 daAuts
     D:9: 1033 daAuts
     D:3: 1017 daAuts
    D:10: 1016 daAuts
     D:4: 948 daAuts
     D:1: 891 daAuts
    D:14: 840 daAuts
     D:8: 789 daAuts
     D:2: 755 daAuts
    D:15: 152 daAuts
